 Dungeon Crawl Stone Soup version 0.28-a0-533-g9f97627e2a (webtiles) character file.

Game seed: 14495456392624400115

267 willcat the Covert (level 6, -1/42 HPs)
             Began as an Octopode Delver on Sept 26, 2021.
             Slain by a gnoll sergeant (11 damage)
             ... on level 5 of the Dungeon.
             The game lasted 00:00:57 (838 turns).

willcat the Covert (Octopode Delver)                 Turns: 838, Time: 00:00:58

Health: -1/42      AC:  1    Str: 12    XL:     6   Next: 21%
Magic:  6/6        EV: 14    Int: 14    God:
Gold:   22         SH:  0    Dex: 13    Spells: 5/5 levels left

rFire   . . .      SeeInvis .   a - +0 short sword
rCold   . . .      Faith    .   (no shield)
rNeg    . . .      Spirit   .   (helmet restricted)
rPois   .          Reflect  .   (no amulet)
rElec   .          Harm     .   (no ring)
rCorr   .          Rampage  .   (no ring)
Will    .....                   (no ring)
Stlth   +++++.....              (no ring)
HPRegen 0.14/turn               (no ring)
MPRegen 0.10/turn               (no ring)
                                (no ring)
                                (no ring)

@: no status effects
A: almost no armour, amphibious, 8 rings, camouflage 1, gelatinous body 1,
(nimble swimmer 1), tentacles
a: no special abilities


You were on level 5 of the Dungeon.
You visited 1 branch of the dungeon, and saw 1 of its levels.

You collected 22 gold pieces.

Inventory:

Hand Weapons
 a - a +0 short sword (weapon)
Wands
 f - a wand of digging (3)
Scrolls
 b - a scroll of fog
 c - a scroll of magic mapping
Potions
 e - a potion of haste


   Skills:
 - Level 3.0 Fighting
 + Level 3.9 Short Blades
 + Level 3.9 Dodging
 + Level 8.3 Stealth


You had 5 spell levels left.
You didn't know any spells.
Your spell library was empty.

Dungeon Overview and Level Annotations

Branches:
Dungeon (5/15)
 Temple: D:4-7

Altars:


Innate Abilities, Weirdness & Mutations

You cannot wear most types of armour.
You are amphibious.
You can wear up to eight rings at the same time.
Your skin changes colour to match your surroundings (Stealth+).
Your rubbery body absorbs attacks. (AC +1, EV +1)
((You are camouflaged near water. (Stealth+)))
You have tentacles for arms and can constrict up to eight enemies at once.


Message History

The gnoll sergeant freezes you. The gnoll barely misses you.
Things that are here:
a +0 whip; 10 gold pieces; a gnoll corpse You hit the gnoll sergeant but do no damage.
You grab the gnoll sergeant.
You constrict the gnoll sergeant, but do no damage.
The gnoll sergeant misses you. The gnoll barely misses you.
You hit the gnoll sergeant but do no damage.
You constrict the gnoll sergeant. The gnoll sergeant misses you.
The gnoll closely misses you.
You hit the gnoll sergeant but do no damage.
The gnoll sergeant is lightly wounded.
You constrict the gnoll sergeant.
The gnoll sergeant hits you with a +6 trident of freezing!
The gnoll sergeant freezes you.
* * * LOW HITPOINT WARNING * * *
You hit the gnoll sergeant but do no damage.
The gnoll sergeant is lightly wounded.
You constrict the gnoll sergeant.
The gnoll hits you from afar with a +0 spear.
* * * LOW HITPOINT WARNING * * *
The gnoll sergeant misses you.
Unknown command.
As you read the scroll of fear, it crumbles to dust.
You assume a fearsome visage.
The adder looks frightened!
The gnoll sergeant looks frightened!
The gnoll looks frightened! x4
You constrict the gnoll sergeant.
The gnoll sergeant cries, "Mercy!"
You release your grip on the gnoll sergeant.
Cornered, the gnoll turns to fight!
Cornered, the gnoll sergeant turns to fight!
Press: ? - help, v - describe, . - travel
Here: a gnoll sergeant, wielding a +6 trident of freezing, wearing a +0 scale mail and wearing a +0 buckler (lightly wounded)
The floor.
A gnoll shaman comes into view. It is wielding a +0 club.
A gnoll comes into view. It is wielding a +0 spear.
A gnoll comes into view. It is wielding a +0 club.
There is a stone staircase leading down here.
The gnoll sergeant hits you from afar with a +6 trident of freezing!
You die...

......... #.....##.##..#
.......... ###.#.#...#..#
>#.##.########
#...#.#....### ........ ..#
#######.#g##...#
############.#
#.......#.####.# ..###
###.##.### #.#######g# #.#
#.#'###'#..#...# #.# #.# #.#
#...≈≈≈......#.###g# #.# #.#
#########..#.#..@..#######.#
#.# #.#.#..#............##.#
#.[ #.#..|.#...gg.>.....##.#
### #.###.##............##)#
#.....###...........##.#
####### #...........##.#
+......g....##.#
#.......<...##.#
#...........##g#


You could see a gnoll sergeant, a gnoll shaman (wandering) and 2 gnolls.

Vanquished Creatures
  A steam dragon (D:5)
  A water moccasin zombie (D:5)
  A water moccasin skeleton (D:5)
  A hound (D:5)
  A gnoll (D:5)
  A white imp (D:5)
  A quokka (D:5)
7 creatures vanquished.

Notes
Turn   | Place    | Note
-------+----------+-------------------------------------------
     0 | D:5      | willcat the Octopode Delver began the quest for the Orb.
     0 | D:5      | Reached XP level 1. HP: 16/16 MP: 1/1
   115 | D:5      | Noticed an ogre
   118 | D:5      | Noticed a hound
   128 | D:5      | Killed a hound
   129 | D:5      | Reached skill level 7 in Stealth
   129 | D:5      | Reached XP level 2. HP: 13/21 MP: 2/2
   129 | D:5      | Reached XP level 3. HP: 16/26 MP: 3/3
   275 | D:5      | Noticed a steam dragon
   292 | D:5      | Killed a steam dragon
   293 | D:5      | Reached XP level 4. HP: 12/31 MP: 4/4
   293 | D:5      | Reached XP level 5. HP: 13/36 MP: 5/5
   651 | D:5      | Reached skill level 8 in Stealth
   680 | D:5      | Reached XP level 6. HP: 31/42 MP: 6/6
   838 | D:5      | Slain by a gnoll sergeant

Illustrated notes

Levels and vault maps discovered:
D:5:      layout_basic, corexii_corridor_pit

Skill      XL: |  1  2  3  4  5 |
---------------+----------------+-----
Stealth        | 7 8 |  8.3
Short Blades   | 3 |  3.9
Dodging        | 3 |  3.9
Fighting       | |  3.0

Action                   |  1- 3 |  4- 6 || total
-------------------------+-------+-------++-------
Melee: Short sword       |    18 |    19 ||    37
       Tentacles         |     5 |     4 ||     9
       Constrict         |     1 |     4 ||     5
  Use: Scroll            |       |     1 ||     1
 Stab: Sleeping          |     1 |     1 ||     2
Armor: Skin              |     1 |       ||     1
Dodge: Dodged            |    20 |    18 ||    38

Table legend: (Time is in decaauts)
 A = Elapsed time spent in this place.
 B = Non-inter-level travel time spent in this place.
 C = Inter-level travel time spent in this place.
 D = Time resting spent in this place.
 E = Time spent auto-exploring this place.
 F = Levels seen in this place.
 G = Mean time per level.
                   A        B        C        D        E       F      G
               +--------+--------+--------+--------+--------+-----+--------+
         Total |    836 |    755 |     81 |    296 |    331 |   1 |  836.0 |
       Dungeon |    836 |    755 |     81 |    296 |    331 |   1 |  836.0 |
               +--------+--------+--------+--------+--------+-----+--------+

Top non-repeatable levels by time:
     D:5: 836 daAuts
